 Dungeon Crawl Stone Soup version 0.29.1-12-g30fa7ad0bf (webtiles) character file.

Game seed: 14562431600094244606

43 KittyFluff the Trooper (level 3, -9/34 HPs)
             Began as a Gargoyle Berserker on Jan 12, 2023.
             Was a Follower of Trog.
             Mangled by an iguana (10 damage)
             ... on level 1 of the Dungeon.
             The game lasted 00:03:50 (897 turns).

KittyFluff the Trooper (Gargoyle Berserker)          Turns: 897, Time: 00:03:51

Health: -9/34      AC:  5    Str: 20    XL:     3   Next: 58%
Magic:  3/3        EV: 12    Int:  7    God:    Trog [*.....]
Gold:   49         SH:  0    Dex: 11    Spells: 2/2 levels left

rFire   . . .      SeeInvis .   a - +0 mace
rCold   . . .      Faith    .   (no shield)
rNeg    + . .      Spirit   .   b - +0 animal skin
rPois   ∞          Reflect  .   (no helmet)
rElec   +          Harm     .   (no cloak)
rCorr   .          Rampage  .   (no gloves)
Will    .....                   (no boots)
Stlth   ..........              (no amulet)
HPRegen 0.11/turn               (no ring)
MPRegen 0.08/turn               (no ring)

@: berserking, very quick
A: sickness immunity, AC +3, negative energy resistance 1, electricity
resistance, torment resistance 1, petrification resistance
a: Renounce Religion, Berserk


You were on level 1 of the Dungeon.
You worshipped Trog.
Trog was aware of your devotion.
You visited 1 branch of the dungeon, and saw 2 of its levels.

You collected 49 gold pieces.

Inventory:

Hand Weapons
 a - a +0 mace (weapon)
Missiles
 c - 6 poisoned darts
 f - 18 stones (quivered)
Armour
 b - a +0 animal skin (worn)
Scrolls
 g - a scroll of identify {unknown}
Potions
 d - a potion of curing {unknown}
 e - 2 potions of might {unknown}


   Skills:
 + Level 3.5 Fighting
 * Level 3.5 Maces & Flails
 * Level 3.0 Armour
 + Level 1.9 Dodging


You had 2 spell levels left.
You didn't know any spells.
Your spell library was empty.

Dungeon Overview and Level Annotations

Branches:
Dungeon (2/15)

Altars:

Annotations:
D:2 Natasha


Innate Abilities, Weirdness & Mutations

You are immune to sickness and miasma.
Your stone body is resilient. (AC +3)
You are immune to poison.
You resist negative energy. (rN+)
You are resistant to electric shocks. (rElec)
You are resistant to unholy torment.
You are immune to petrification.


Message History

You barely miss the adder. The adder bites you.
The adder bites you but does no damage.
You miss the adder. The adder barely misses you.
You closely miss the adder. The adder barely misses you. The adder bites you.
You miss the adder. The adder bites you. The adder closely misses you.
You hit the adder.
The adder is heavily wounded.
The adder barely misses you.
You hit the adder.
The adder is almost dead.
The adder closely misses you. The adder barely misses you.
You miss the adder.
The adder is almost dead.
The adder bites you but does no damage.
You hit the adder.
You kill the adder!
Trog accepts your kill.
Your Armour skill increases to level 3!
You start resting.
HP restored.
There is a stone staircase leading down here.
You climb downwards.
Level annotation: Natasha The iguana barely misses you.
The iguana bites you!
There is a stone staircase leading up here.
The iguana bites you.
Natasha mumbles some strange words.
You climb upwards.
There is a stone staircase leading down here.
A red film seems to cover your vision as you go berserk!
You feel yourself moving faster!
You feel mighty! The iguana bites you.
* * * LOW HITPOINT WARNING * * *
You hit the iguana.
The iguana is moderately wounded.
The iguana bites you!
* * * LOW HITPOINT WARNING * * *
You hit the iguana.
The iguana is heavily wounded.
The iguana bites you!
You die...

#.......##...........
####.#####...........
#.# #.....####.# #.#
#.....# #... #.#
####### #...
####>########## #.##
#.............# #.##
#.##†##.#####.# #.##
#†##@l.....##.####...
#.#####.##........###
#.#####.# #.#..##.###
#.......###.#.......†
#######.......###....
#####.#####....
#..........
#######..♣♣ #....


You could see an iguana.

Vanquished Creatures
  An adder (D:1)
  2 dart slugs (D:1)
  2 bats (D:1)
  2 endoplasms (D:1)
  2 giant cockroaches (D:1)
  3 hobgoblins (D:1)
  4 jackals (D:1)
  A quokka (D:1)
  A ball python (D:1)
  A frilled lizard (D:1)
  4 goblins (D:1)
  A kobold (D:1)
  3 rats (D:1)
27 creatures vanquished.

Notes
Turn   | Place    | Note
-------+----------+-------------------------------------------
     0 | D:1      | KittyFluff the Gargoyle Berserker began the quest for the
                  | Orb.
     0 | D:1      | Reached XP level 1. HP: 14/14 MP: 1/1
   105 | D:1      | Found a faded altar of an unknown god.
   284 | D:1      | Reached XP level 2. HP: 19/19 MP: 2/2
   497 | D:1      | Reached XP level 3. HP: 23/23 MP: 3/3
   762 | D:2      | Noticed Natasha
   896 | D:1      | HP: 1/34 [iguana (7)]
   897 | D:1      | Mangled by an iguana

Illustrated notes

Levels and vault maps discovered:
D:1:      minmay_arrival_five_plusses, layout_loops_cross,
          hellmonk_ecumenical_altar_arch_garden, chequers_garden
D:2:      layout_rooms, basic_altar, minmay_pentomino_q4, uniq_sigmund,
          uniq_natasha, uniq_jessica

Skill      XL: |  1  2  3 |
---------------+----------+-----
Armour         | 3 |  3.0
Fighting       | |  3.5
Maces & Flails | |  3.5
Dodging        | |  1.9

Action                   || total
-------------------------++-------
Melee: Mace              ||    94
Throw: Stone             ||     1
Invok: Berserk           ||     1
 Stab: Sleeping          ||     1
Armor: Animal skin       ||    37
Dodge: Dodged            ||    76
